 Dungeon Crawl Stone Soup version 0.30-a0-341-g682706514a (webtiles) character file.

Game seed: 737684210995271387

56 Ashen the Firebug (level 3, -3/19 HPs)
             Began as a Deep Elf Fire Elementalist on Nov 3, 2022.
             Slain by a gnoll bouda
             ... wielding a +0 club
              (9 damage)
             ... on level 2 of the Dungeon.
             The game lasted 00:04:02 (945 turns).

Ashen the Firebug (Deep Elf Fire Elementalist)       Turns: 945, Time: 00:04:03

Health: -3/19      AC:  2    Str:  5    XL:     3   Next: 69%
Magic:  8/9        EV: 13    Int: 21    God:
Gold:   43         SH:  0    Dex: 15    Spells: 2/8 levels left

rFire   . . .      SeeInvis .    (no weapon)
rCold   . . .      Faith    .    (no shield)
rNeg    . . .      Spirit   .    a - +0 robe
rPois   .          Reflect  .    (no helmet)
rElec   .          Harm     .    (no cloak)
rCorr   .          Rampage  .    (no gloves)
Will    .....                    (no boots)
Stlth   ++........               (no amulet)
HPRegen 0.23/turn                d - ring of flight
MPRegen 0.11/turn                (no ring)

@: flying
A: no striking features
a: no special abilities


You were on level 2 of the Dungeon.
You visited 1 branch of the dungeon, and saw 2 of its levels.

You collected 43 gold pieces.

Inventory:

Armour
 a - a +0 robe (worn)
Jewellery
 d - a ring of flight (left hand)
 l - a ring of ice
Scrolls
 c - 3 scrolls of immolation {unknown}
 f - 2 scrolls of identify {unknown}
 g - a scroll of brand weapon {unknown}
 h - a scroll of butterflies {unknown}
 j - a scroll of enchant armour {unknown}
Potions
 e - a potion of berserk rage {unknown}
 i - 2 potions of lignification {unknown}
 k - a potion of invisibility {unknown}


   Skills:
 - Level 2.9 Dodging
 - Level 3.0 Stealth
 - Level 3.4 Spellcasting
 - Level 1.7 Conjurations
 + Level 1.7 Translocations
 - Level 3.6 Fire Magic


You had 2 spell levels left.
You knew the following spells:

 Your Spells              Type           Power      Damage    Failure   Level
a - Foxfire               Conj/Fire      56%        2x1d6     4%          1
b - Kindle Blastsparks    Fire/Tloc/Air  22%        2d11      19%         3
c - Momentum Strike       Conj/Tloc      22%        3d8       10%         2

Your spell library contained the following spells:

 Spells                   Type           Power      Damage    Failure   Level
 Scorch                   Fire           36%        2d6       4%          2
 Blink                    Tloc           22%        N/A       10%         2
 Inner Flame              Hex/Fire       11%        N/A       19%         3
 Lesser Beckoning         Tloc           22%        N/A       19%         3
 Flame Wave               Conj/Fire      14%        2d6       38%         4


Dungeon Overview and Level Annotations

Branches:
Dungeon (2/15)

Altars:


Message History

Confirm with . or Enter, or press ? or * to list all spells.
You conjure some foxfire!
The foxfire hits the gnoll.
The gnoll is moderately wounded.
The gnoll closely misses you.
Casting: Foxfire (safe; 4% risk of failure)
Confirm with . or Enter, or press ? or * to list all spells.
You conjure some foxfire!
The foxfire hits the gnoll bouda but does no damage.
The foxfire hits the gnoll bouda.
The gnoll bouda is lightly wounded.
The gnoll barely misses you.
The gnoll bouda gazes fiercely through you!
You feel your attacks grow feeble. The gnoll bouda closely misses you.
Unknown command.
Okay, then.
Casting: Foxfire (safe; 4% risk of failure)
Confirm with . or Enter, or press ? or * to list all spells.
You conjure some foxfire!
The foxfire hits the gnoll bouda but does no damage.
The gnoll bouda is lightly wounded.
The foxfire hits the gnoll bouda but does no damage.
The gnoll bouda is lightly wounded.
The gnoll closely misses you.
The gnoll bouda hits you with a +0 club.
Unknown command.
Magic courses through your body.
The foxfire hits the gnoll bouda but does no damage.
The gnoll bouda is lightly wounded.
The foxfire hits the gnoll bouda but does no damage.
The gnoll bouda is lightly wounded.
The gnoll barely misses you.
The gnoll bouda hits you with a +0 club!
Casting: Foxfire (safe; 4% risk of failure)
Confirm with . or Enter, or press ? or * to list all spells.
You conjure some foxfire!
Your attacks no longer feel as feeble.
The gnoll hits you with a +0 flail.
The gnoll bouda hits you with a +0 club!
You die...

#.......... ...........
#........# #........#
#......#.# ##
#.....#†#### #.
#....)....####### #.
##.v.......##...####.
#..@)...............
..$...ggv..........###..
#####..)..##............
#...####.#########..
##..# #.# #.. #..# #.#
#.. .... ..# #.. #..# ##
##. ..


You could see a gnoll bouda (ally target) and a gnoll (swift, ally target).

Vanquished Creatures
  2 gnolls (D:2)
  5 endoplasms
  3 giant cockroaches (D:1)
  2 goblins
  2 hobgoblins (D:1)
  4 jackals (D:1)
  A quokka (D:1)
  2 ball pythons (D:1)
  3 bats (D:1)
  5 kobolds
  5 rats
34 creatures vanquished.

Vanquished Creatures (others)
  An endoplasm (D:2)
  93 foxfires
94 creatures vanquished.

Grand Total: 128 creatures vanquished

Notes
Turn   | Place    | Note
-------+----------+-------------------------------------------
     0 | D:1      | Ashen the Deep Elf Fire Elementalist began the quest for
                  | the Orb.
     0 | D:1      | Reached XP level 1. HP: 10/10 MP: 6/6
   192 | D:1      | Reached XP level 2. HP: 15/15 MP: 5/8
   240 | D:1      | Found a faded altar of an unknown god.
   552 | D:1      | Reached XP level 3. HP: 17/19 MP: 1/9
   812 | D:2      | Learned a level 3 spell: Kindle Blastsparks
   815 | D:2      | Learned a level 2 spell: Momentum Strike
   938 | D:2      | Reached skill level 1 in Translocations
   945 | D:2      | Slain by a gnoll bouda

Illustrated notes

Levels and vault maps discovered:
D:1:      matt_arrival_diagonals, layout_rooms,
          shapermc_ecumenical_altar_mp_highgroup, minmay_misc_feat_square,
          minmay_misc_feat_diagonals
D:2:      layout_loops_ring, basic_altar, st_stairs_9,
          minmay_misc_feat_ornament, minmay_misc_feat_room

Skill      XL: |  1  2  3 |
---------------+----------+-----
Stealth        | 3 |  3.0
Translocations | 1 |  1.7
Dodging        | |  2.9
Spellcasting   | |  3.4
Conjurations   | |  1.7
Fire Magic     | |  3.6

Action                   || total
-------------------------++-------
Melee: Unarmed           ||    31
       Punch             ||     1
 Cast: Foxfire           ||    54
       Momentum Strike   ||     1
  Use: Potion            ||     1
 Stab: Sleeping          ||     3
Armor: Robe              ||     6
Dodge: Dodged            ||    51

Table legend: (Time is in decaauts)
 A = Elapsed time spent in this place.
 B = Non-inter-level travel time spent in this place.
 C = Inter-level travel time spent in this place.
 D = Time resting spent in this place.
 E = Time spent auto-exploring this place.
 F = Levels seen in this place.
 G = Mean time per level.
                   A        B        C        D        E       F      G
               +--------+--------+--------+--------+--------+-----+--------+
         Total |    944 |    940 |      4 |      0 |    706 |   2 |  472.0 |
       Dungeon |    944 |    940 |      4 |      0 |    706 |   2 |  472.0 |
               +--------+--------+--------+--------+--------+-----+--------+

Top non-repeatable levels by time:
     D:1: 739 daAuts
     D:2: 204 daAuts
